 Dungeon Crawl Stone Soup version 0.31.0-32-g396128a36d (webtiles) character file.

Game seed: 2646617592119733999

1909 Eryx the Firebug (level 9, -7/70 HPs)
             Began as a Hill Orc Fire Elementalist on Apr 7, 2024.
             Was an Initiate of Beogh.
             Mangled by a wyvern (18 damage)
             ... on level 8 of the Dungeon.
             The game lasted 00:22:03 (6322 turns).

Eryx the Firebug (Hill Orc Fire Elementalist)       Turns: 6322, Time: 00:22:03

Health: -7/70      AC:  4    Str: 13    XL:     9   Next: 16%
Magic:  13/23      EV: 12    Int: 17    God:    Beogh [......]
Gold:   206        SH:  0    Dex: 11    Spells: 2/15 levels left

rFire   . . .        u - +1 war axe (elec)
rCold   . . .        (no shield)
rNeg    + . .        a - +2 robe
rPois   .            (no helmet)
rElec   .            (no cloak)
rCorr   .            (no gloves)
SInv    .            (no boots)
Will    .....        o - amulet of Haohim {Acrobat rN+ Regen+ MP+9 Stlth+}
Stlth   +++          s - ring of wizardry
HPRegen 1.11/turn    (no ring)
MPRegen 0.18/turn

%: acrobat, wizardry (x1)
@: no status effects
A: no striking features
a: Renounce Religion


You were on level 8 of the Dungeon.
You worshipped Beogh.
Beogh was noncommittal.
You visited 2 branches of the dungeon, and saw 8 of its levels.

You collected 278 gold pieces.
You spent 72 gold pieces at shops.

Inventory:

Hand Weapons
 m - a +2 sling of draining
 u - a +1 war axe of electrocution (weapon)
Missiles
 x - 2 throwing nets
Armour
 a - a +2 robe (worn)
Jewellery
 o - the amulet of Haohim (around neck) {Acrobat rN+ Regen+ MP+9 Stlth+}
   (You acquired it on level 4 of the Dungeon)

   [amulet of the acrobat]

   Acrobat:   It increases your evasion while moving and waiting.
   rN+:       It protects you from negative energy.
   MP+9:      It affects your magic capacity (+9).
   Regen+:    It increases your rate of health regeneration.
   Stlth+:    It makes you more stealthy.
 s - a ring of wizardry (left hand)
 t - a ring of magical power
 y - an amulet of regeneration
Wands
 l - a wand of polymorph (13)
Scrolls
 b - 2 scrolls of fog
 k - a scroll of noise
 n - a scroll of brand weapon {unknown}
 q - a scroll of torment
 r - 2 scrolls of teleportation {unknown}
Potions
 c - 2 potions of curing
 d - a potion of ambrosia {unknown}
 e - a potion of attraction {unknown}
 f - a potion of enlightenment
 g - a potion of lignification {unknown}
 i - 2 potions of haste {unknown}
 j - a potion of cancellation {unknown}
 p - a potion of magic
 v - a potion of mutation {unknown}


   Skills:
 * Level 3.2 Fighting
 + Level 0.1 Short Blades
 * Level 2.7 Axes
 * Level 3.0 Ranged Weapons
 * Level 0.7 Throwing
 * Level 3.2 Armour
 * Level 3.0 Dodging
 * Level 3.2 Stealth
 * Level 3.9 Spellcasting
 * Level 3.1 Conjurations
 * Level 1.4 Hexes
 * Level 1.0 Translocations
 * Level 6.5 Fire Magic
 * Level 2.6 Evocations


You had 2 spell levels left.
You knew the following spells:

 Your Spells              Type           Power      Damage    Failure   Level
a - Foxfire               Conj/Fire      76%        2x1d7     1%          1
b - Scorch                Fire           50%        2d7       1%          2
c - Flame Wave            Conj/Fire      19%        2d7       9%          4
d - Inner Flame           Hex/Fire       16%        N/A       4%          3
e - Volatile Blastmotes   Fire/Tloc      32%        2d12      4%          3

Your spell library contained the following spells:

 Spells                   Type           Power      Damage    Failure   Level
 Momentum Strike          Conj/Tloc      20%        3d8       4%          2
 Blink                    Tloc           12%        N/A       6%          2
 Lesser Beckoning         Tloc           12%        N/A       6%          2
 Ensorcelled Hibernation  Hex/Ice        10%        N/A       8%          2
 Passwall                 Erth           3%         N/A       19%         3
 Summon Ice Beast         Ice/Summ       3%         N/A       19%         3
 Swiftness                Air            3%         N/A       19%         3
 Fireball                 Conj/Fire      9%         3d6       24%         5
 Brom's Barrelling Bould  Conj/Erth      8%         2d3       32%         4
 Iskenderun's Battlesphe  Conj           14%        2d7       43%         5
 Summon Mana Viper        Hex/Summ       5%         N/A       75%         5
 Summon Forest            Summ/Tloc      2%         N/A       78%         5
 Conjure Ball Lightning   Conj/Air       4%         3x3d6     99%         6
 Eringya's Noxious Bog    Alch           1%         4d6       100%        6
 Monstrous Menagerie      Summ           1%         N/A       100%        7
 Orb of Destruction       Conj           7%         9d6       100%        7
 Summon Hydra             Summ           1%         N/A       100%        7


Dungeon Overview and Level Annotations

Branches:
Dungeon (8/15)             Temple (1/1) D:6            Lair (0/5) D:8

Altars:
Ashenzari
Cheibriados
Dithmenos
Elyvilon
Fedhas
Gozag
Kikubaaqudgha
Makhleb
Nemelex Xobeh
Okawaru
Qazlal
Ru
Sif Muna
Trog
Uskayaw
Vehumet
Wu Jian
Xom
Yredelemnul
Zin
The Shining One

Shops:
D:2 !

Annotations:
D:8 Prince Ribbit


Message History

The wyvern bites your butterfly!
Your butterfly dies!
Your butterfly disappears in a burst of colours!
Your butterfly is engulfed in blazing flames.
You kill your butterfly!
Your butterfly disappears in a burst of colours!
The orc priest hits the gnoll bouda with a +0 flail.
The orc barely misses the gnoll bouda.
The gnoll bouda closely misses the orc priest.
The orc priest hits the gnoll bouda with a +0 flail.
The gnoll bouda hits the orc priest with a +0 club!
The orc barely misses the gnoll bouda.
Throw: dart (curare)
Press: ? - help, Q - select action, (/) - cycle Shift-Dir - straight line, f - yak
Aim: a yak (moderately wounded, 65% to hit)
You throw a curare-tipped dart. The curare-tipped dart hits the yak.
The yak is poisoned.
The yak struggles to breathe.
The yak seems to slow down.
The yak is heavily wounded.
The orc hits the gnoll bouda but does no damage.
The orc priest hits the gnoll bouda with a +0 flail!
The gnoll bouda dies!
Casting: Scorch (safe; 1% risk of failure)
Confirm with . or Enter, or press ? or * to list all spells.
Flames lash the wyvern but do no damage.
You hear a loud, deep croak!
You hear a shout!
The wyvern bites you!!
* * * LOW HITPOINT WARNING * * *
Unknown command.
You feel better.
Prince Ribbit comes into view.
The wyvern closely misses you.
Prince Ribbit blinks!
The wyvern bites you.
* * * LOW HITPOINT WARNING * * *
A howler monkey comes into view.
Unknown command.
You hit the wyvern.
The wyvern is lightly wounded.
Your butterfly disappears in a burst of colours!
The wyvern bites you!!
You die...

######.. #....>..#
.......# #........
.......# +.b......
....§.# #b.bh....
......#####+##....b..#
#........†..b...##
#....).(........+
#.....$)...h....#
#@kY..)..)......#
#.....F...#######
#.....).h.#
#....b)...#
......b...#
............
.............
............


You could see Prince Ribbit, a yak (very poisoned, slow), a wyvern and a howler
monkey.

Vanquished Creatures
  A wraith (D:6)
  2 ice beasts
  A water moccasin (D:4)
  A black bear (D:8)
  3 ogres
  A phantom (D:5)
  3 scorpions
  3 wights (D:3)
  2 bombardier beetles
  6 hounds
  A jelly (D:6)
  Crazy Yiuf (D:5)
  A sleepcap (D:6)
  A gnoll bouda (D:8)
  An iguana (D:6)
  Jessica (D:2)
  An orc wizard (D:6)
  3 gnolls
  10 adders
  A river rat (D:3)
  A shadow imp (D:6)
  A white imp (D:6)
  2 dart slugs
  2 ribbon worms
  20 orcs
  6 ball pythons
  9 bats
  8 endoplasms
  4 giant cockroaches
  8 goblins
  10 hobgoblins
  4 jackals (D:3)
  3 quokkas
  2 frilled lizards
  14 kobolds
  4 rats
142 creatures vanquished.

Vanquished Creatures (others)
  A gnoll bouda (D:8)
  3 gnolls (D:8)
  92 foxfires
96 creatures vanquished.

Grand Total: 238 creatures vanquished

Notes
Turn   | Place    | Note
-------+----------+-------------------------------------------
     0 | D:1      | Eryx the Hill Orc Fire Elementalist began the quest for the
                  | Orb.
     0 | D:1      | Reached XP level 1. HP: 14/14 MP: 3/3
   300 | D:1      | Reached XP level 2. HP: 20/20 MP: 2/4
   303 | D:1      | Learned a level 2 spell: Scorch
   972 | D:2      | Reached XP level 3. HP: 27/27 MP: 0/5
  1034 | D:2      | Noticed Jessica
  1272 | D:2      | Killed Jessica
  1273 | D:2      | Reached skill level 1 in Armour
  1273 | D:2      | Reached skill level 4 in Fire Magic
  1273 | D:2      | Reached XP level 4. HP: 18/34 MP: 0/7
  1338 | D:2      | Learned a level 4 spell: Flame Wave
  1498 | D:2      | Reached skill level 1 in Fighting
  2028 | D:2      | Found Cateam's Distillery.
  2039 | D:2      | Bought a potion of curing for 36 gold pieces
  2039 | D:2      | Bought a potion of curing for 36 gold pieces
  2183 | D:4      | Noticed a scorpion
  2184 | D:4      | Noticed an ice beast
  2381 | D:3      | Reached XP level 5. HP: 40/40 MP: 5/8
  2711 | D:4      | Reached XP level 6. HP: 48/48 MP: 9/9
  2740 | D:4      | Killed an ice beast
  2837 | D:4      | Found a hide-covered altar of Uskayaw.
  2841 | D:4      | Reached skill level 5 in Fire Magic
  2960 | D:4      | Identified a scroll of acquirement
  2960 | D:4      | Acquired the amulet of Haohim {Acrobat rN+ Regen+ MP+9
                  | Stlth+}
  2971 | D:4      | Learned a level 3 spell: Inner Flame
  3198 | D:4      | Noticed a water moccasin
  3213 | D:4      | Reached skill level 1 in Ranged Weapons
  3213 | D:4      | Reached skill level 1 in Evocations
  3213 | D:4      | Reached XP level 7. HP: 55/55 MP: 11/11
  3317 | D:4      | Reached skill level 1 in Axes
  3705 | D:4      | Found a basalt altar of Yredelemnul.
  3758 | D:4      | Found a white marble altar of Elyvilon.
  3970 | D:3      | Found a bloodstained altar of Trog.
  4157 | D:3      | Reached XP level 8. HP: 62/62 MP: 12/12
  4206 | D:3      | Found a faded altar of an unknown god.
  4749 | D:5      | Entered Level 5 of the Dungeon
  5244 | D:5      | Found a runed translucent door.
  5247 | D:5      | Noticed Crazy Yiuf
  5251 | D:5      | Killed Crazy Yiuf
  5252 | D:5      | Reached skill level 6 in Fire Magic
  5298 | D:6      | Learned a level 3 spell: Volatile Blastmotes
  5312 | D:6      | Noticed a wraith
  5319 | D:6      | Killed a wraith
  5472 | D:6      | Found a staircase to the Ecumenical Temple.
  5535 | Temple   | Entered the Ecumenical Temple
  5618 | D:6      | Reached skill level 1 in Hexes
  5784 | D:6      | Found a snail-covered altar of Cheibriados.
  5863 | D:6      | Found a blossoming altar of Fedhas.
  5876 | D:6      | Reached XP level 9. HP: 40/69 MP: 14/14
  6249 | D:6      | You fall into a shaft and drop 2 floors!
  6265 | D:8      | Found a staircase to the Lair.
  6285 | D:8      | Reached skill level 1 in Translocations
  6299 | D:8      | Became a worshipper of Beogh the Brigand
  6320 | D:8      | HP: 2/70 [wyvern (18)]
  6321 | D:8      | Noticed Prince Ribbit
  6322 | D:8      | Mangled by a wyvern

Illustrated notes

Levels and vault maps discovered:
D:1:      wander_arrival_chamber, layout_loops_ring
D:2:      layout_loops_cross, serial_shops, nicolae_shop_hallway_stairs,
          minmay_misc_feat_x, uniq_jessica
D:3:      layout_basic, nicolae_overflow_crystal_walls,
          hellmonk_ecumenical_altar_crossroads
D:4:      minmay_octagon_keep, layout_basic, kennysheep_ying_yang,
          minmay_ruined_shrine
D:5:      layout_rooms, uniq_crazy_yiuf_cottage
D:6:      layout_basic, fedhas_altar_fruit_tree, lemuel_doored_altar,
          minmay_temple_entry_grid, serial_co_window_serial, co_window_paths_a,
          co_window_of_opportunity_a, co_window_corner_a,
          co_window_of_opportunity_a, co_window_paths_a,
          co_window_unsneaky_path_a, co_window_corner_b,
          co_window_of_opportunity_b, co_window_paths_c, co_window_broadway_a,
          co_window_sun, glass_columns_b, glass_columns_a, glass_columns_a
D:8:      layout_gridville, mainiacjoe_overflow_chevrons, david_lair_generic,
          serial_shops, shop, st_stairs_13, dk_noncrumbling_3,
          nicolae_grassy_gnolls, uniq_prince_ribbit1
Temple:   kb_temple_of_zot

Skill      XL: |  1  2  3  4  5  6  7  8  9 |
---------------+----------------------------+-----
Armour         | 1 2 3 |  3.2
Stealth        | 2 3 |  3.2
Spellcasting   | 2 3 |  3.9
Fire Magic     | 4 5 6 |  6.5
Fighting       | 1 2 3 |  3.2
Dodging        | 2 3 |  3.0
Ranged Weapons | 1 2 3 |  3.0
Conjurations   | 2 3 |  3.1
Evocations     | 1 2 |  2.6
Axes           | 1 2 |  2.7
Hexes          | 1 |  1.4
Translocations | 1 |  1.0
Short Blades   | |  0.1
Throwing       | |  0.7

Action                     |  1- 3 |  4- 6 |  7- 9 || total
---------------------------+-------+-------+-------++-------
  Melee: Unarmed           |     1 |     5 |       ||     6
         Short sword       |       |     4 |       ||     4
         Punch             |       |     1 |     1 ||     2
         War axe           |       |     3 |    16 ||    19
   Fire: Sling             |       |    34 |    82 ||   116
  Throw: Dart              |       |       |     1 ||     1
   Cast: Foxfire           |    25 |    13 |    17 ||    55
         Scorch            |    14 |    35 |    68 ||   117
         Inner Flame       |       |     1 |     6 ||     7
         Flame Wave        |       |       |     1 ||     1
 Invoke: Convert to Beogh  |       |       |     1 ||     1
  Evoke: Wand              |       |       |     2 ||     2
    Use: Scroll            |     8 |     7 |     5 ||    20
         Potion            |     1 |       |     2 ||     3
 Armour: Robe              |    45 |    31 |    76 ||   152
  Dodge: Dodged            |    57 |    28 |    80 ||   165
